 Dungeon Crawl Stone Soup version 0.14-a0-2381-g4cacdb4 (webtiles) character file.

1822 Jenx the Grappler (level 8, -3/74 HPs)
             Began as a Troll Monk on Feb 1, 2014.
             Slain by a hill giant
             ... wielding a +0,+0 giant spiked club
              (19 damage)
             ... on Level 6 of the Dungeon on Feb 2, 2014.
             The game lasted 00:25:11 (5089 turns).

Jenx the Grappler (Troll Monk)                      Turns: 5089, Time: 00:25:12

HP  -3/74        AC  6     Str 20      XL: 8   Next: 61%
MP   3/3         EV 10     Int  6      God:
Gold 230         SH  0     Dex 14      Spells:  0 memorised,  7 levels left

rFire  . . .     SeeInvis .       - Unarmed
rCold  . . .     Clarity  .     M - -1 robe
rNeg   + . .     Conserve .     (shield restricted)
rPois  .         rCorr    .     (helmet restricted)
rElec  .         rRot     .     z - +1 dwarf cloak
SustAb . .       Spirit   .     (gloves unavailable)
rMut   .         Warding  .     (boots unavailable)
Gourm  +         Stasis   .     (no amulet)
MR     .....                    O - ring of positive energy
                                A - ring of invisibility

@: not resistant to hostile enchantments, unstealthy
A: unfitting armour, claws 3, fast metabolism 3, gourmand, regeneration 2,
saprovore 2, shaggy fur 1, tough skin 2
a: Evoke Invisibility


You were on level 6 of the Dungeon.
You were completely stuffed.

You visited 1 branch of the dungeon, and saw 6 of its levels.
You also visited: Sewer.

You collected 334 gold pieces.
You spent 104 gold pieces at shops.

Inventory:

Hand weapons
 b - a +0 orcish blowgun
 R - a +0,+0 dagger of venom
Missiles
 e - 2 curare-tipped needles
 E - 24 poisoned needles
 N - 5 tomahawks (quivered)
Armour
 z - a +1 dwarven cloak (worn)
 M - a -1 robe (worn)
Magical devices
 o - a wand of frost (15)
 q - a wand of magic darts (2)
 G - a wand of slowing (3)
Comestibles
 f - 3 chokos
 m - a pear
 t - a sausage
 u - 5 rotting chunks of orc flesh
 w - 4 bread rations
 y - 4 meat rations
 B - 2 rotting chunks of jackal flesh
 D - an apple
 F - 4 chunks of black bear flesh
 L - a chunk of adder flesh
 P - a chunk of goblin flesh
 Q - 2 chunks of goblin flesh
Scrolls
 a - 2 scrolls of immolation {unknown}
 d - 2 scrolls of enchant armour
 h - 3 scrolls of teleportation
 i - a scroll of enchant weapon I
 j - 3 scrolls of identify
 p - a scroll of fog {unknown}
 r - a scroll of recharging {unknown}
 C - 2 scrolls of blinking {unknown}
 I - 2 scrolls of remove curse
Jewellery
 s - an uncursed ring of teleportation
 A - a ring of invisibility (left claw)
 H - a cursed ring of teleportation
 O - a ring of positive energy (right claw)
Potions
 c - a potion of resistance
 k - 2 potions of agility
 l - a potion of cure mutation
 n - 2 potions of curing
 v - a potion of flight
 J - 2 potions of heal wounds
 K - a potion of magic


   Skills:
 - Level 2.4 Fighting
 - Level 2.4 Dodging
 - Level 1.1 Stealth
 * Level 11.4 Unarmed Combat


You had 7 spell levels left.
You didn't know any spells.

Dungeon Overview and Level Annotations

Branches:
Dungeon (6/16)
 Temple: D:4-7

Altars:
Cheibriados
Fedhas
Sif Muna
Vehumet
Yredelemnul
Zin

Shops:
D:4 ?


Innate Abilities, Weirdness & Mutations

You are too large for most types of armour.
You have claws for hands.
Your metabolism is lightning-fast.
You like to eat raw meat.
You heal very quickly.
You can eat rotten meat.
You are covered in fur (AC +1).
You have very tough skin (AC +2).


Message History

Press: ? - help, Shift-Dir - straight line, f/p - hill giant
Aim: a hill giant, wielding a giant spiked club You throw a tomahawk.
The tomahawk hits the hill giant.
The hill giant is lightly wounded.
The hill giant hits you with a giant spiked club!
Throwing (i - inventory):
N - 6 tomahawks (quivered)
Press: ? - help, Shift-Dir - straight line, f/p - hill giant
Aim: a hill giant, wielding a giant spiked club You throw a tomahawk.
The tomahawk hits the hill giant.
The hill giant is lightly wounded.
Unknown command.
You mangle the hill giant!!
The hill giant begins to bleed from its wounds!
The hill giant is moderately wounded.
The hill giant hits you with a giant spiked club!
* * * LOW HITPOINT WARNING * * *
You claw the hill giant!
The hill giant is heavily wounded.
The hill giant hits you with a giant spiked club!
You die...

.....# #.# #.....# #.#
#.....# #.# #.....# #.#
#.....# #.# #.....# #.#
#.....# #.#
#######.....#######.#####
....!.(C@................
....(....................
.(......................
........................
########################


You could see a hill giant (bleeding).

Vanquished Creatures
  The ghost of Zomeperzon the Sneak, an average SpEn (D:4)
  A black bear (D:6)
  3 ogres
  An orc warrior (D:6)
  Sigmund (D:4)
  2 giant frogs (Sewer)
  3 wights (D:6)
  An orc priest (D:5)
  A jelly (Sewer)
  A hound (D:4)
  An iguana (D:5)
  3 orc wizards
  2 worker ants (D:4)
  Terence (D:2)
  A worker ant zombie (D:6)
  11 adders
  5 gnolls
  2 orc skeletons
  8 giant mites
  3 worms
  11 giant geckos
  4 oozes
  25 orcs
  18 bats
  15 giant cockroaches
  15 goblins
  10 hobgoblins
  4 jackals
  2 quokkas
  8 ball pythons (Sewer)
  19 giant newts
  17 kobolds
  A quokka skeleton (D:5)
  4 rats
  A rat skeleton (D:4)
206 creatures vanquished.

Notes
Turn   | Place    | Note
--------------------------------------------------------------
     0 | D:1      | Jenx, the Troll Monk, began the quest for the Orb.
     0 | D:1      | Reached XP level 1. HP: 22/22 MP: 1/1
   216 | D:1      | Reached XP level 2. HP: 29/29 MP: 1/1
   694 | D:1      | Reached skill level 5 in Unarmed Combat
   696 | D:1      | Reached XP level 3. HP: 34/36 MP: 2/2
  1017 | D:2      | Noticed Terence
  1025 | D:2      | Killed Terence
  1213 | D:2      | Reached XP level 4. HP: 39/44 MP: 2/2
  1832 | D:3      | Reached skill level 6 in Unarmed Combat
  1958 | D:3      | Found a basalt altar of Yredelemnul.
  2023 | D:3      | Found a glowing silver altar of Zin.
  2024 | D:3      | Noticed an angel
  2032 | D:3      | Reached XP level 5. HP: 50/50 MP: 2/2
  2238 | D:3      | Found a snail-covered altar of Cheibriados.
  2450 | D:4      | Reached skill level 7 in Unarmed Combat
  2510 | D:4      | Found Thyucoq's Magic Scroll Emporium.
  2519 | D:4      | Bought a scroll of identify for 22 gold pieces
  2519 | D:4      | Bought a scroll of enchant armour for 60 gold pieces
  2519 | D:4      | Bought a scroll of identify for 22 gold pieces
  2533 | D:4      | Noticed Sigmund
  2549 | D:4      | Killed Sigmund
  2549 | D:4      | Reached XP level 6. HP: 55/59 MP: 3/3
  2618 | D:4      | Noticed Zomeperzon's ghost (average SpEn)
  2623 | D:4      | Killed Zomeperzon's ghost
  2623 | D:4      | Reached skill level 8 in Unarmed Combat
  2694 | D:4      | Reached XP level 7. HP: 61/66 MP: 3/3
  3106 | D:5      | Entered Level 5 of the Dungeon
  3183 | D:5      | Reached skill level 9 in Unarmed Combat
  3201 | D:5      | Found a blossoming altar of Fedhas.
  3293 | D:5      | Found a glowing drain.
  3343 | Sewer    | Entered a sewer
  3393 | Sewer    | Upgraded the game from 0.14-a0-2374-ge879b5e to 0.14-a0-2381-g4cacdb4
  3924 | Sewer    | Reached skill level 10 in Unarmed Combat
  3924 | Sewer    | Reached XP level 8. HP: 44/74 MP: 3/3
  4155 | D:5      | Found a deep blue altar of Sif Muna.
  4610 | D:6      | Found a radiant altar of Vehumet.
  4870 | D:6      | Reached skill level 11 in Unarmed Combat
  5081 | D:6      | Noticed a hill giant
  5089 | D:6      | Slain by a hill giant

Action                   |  1- 3 |  4- 6 |  7- 9 || total
-------------------------+-------+-------+-------++-------
Melee: Unarmed           |    90 |   136 |   261 ||   487
 Fire: Blowgun           |       |     4 |       ||     4
Throw: Large rock        |       |     6 |    13 ||    19
       Tomahawk          |       |       |     9 ||     9
Evoke: Wand              |     1 |       |       ||     1
  Use: Scroll            |       |     4 |    10 ||    14
 Stab: Sleeping          |     1 |     3 |       ||     4
